[Event "*** Titled Tuesday Blitz"]
[Site "Chess.com"]
[Date "2020.05.19"]
[Round "1"]
[White "attack2mateU"]
[Black "rynos0411"]
[Result "1-0"]
[WhiteElo "2627"]
[BlackElo "2328"]
[TimeControl "180+1"]
[EndTime "12:07:12 PDT"]
[Termination "attack2mateU won by resignation"]

1. e4 e5 2. Nf3 Nc6 3. Bb5 Nf6 4. d3 Bc5 5. Ba4 O-O 6. O-O d6 7. c3 Qe7 8. Nbd2 a6 9. h3 b5 10. Bc2 Bb7 11. Re1 Rfe8 12. Nf1 h6 13. Ng3 Qd7 14. Nh4 d5 15. Qf3 Nh7 16. Nhf5 Kh8 17. Qg4 Bf8 18.
Nxh6 Qxg4 19. Nxg4 d4 20. Bd2 Rad8 21. Rac1 dxc3 22.
bxc3 b4 23. Ne2 bxc3 24. Bxc3 Ng5 25. Ba4 Rxd3 26. Nxe5 Rxe5 27. Bxc6 Rxe4 28. Bxb7 Ra4 29. Nf4 Rd8 30. Nh5 f6 31. Nxf6 gxf6 32. Bxf6+ Bg7 33.
Bxd8 Rxa2 34. Re8+ Kh7 35. Rxc7 Ne6 36. Rxe6 Kg8 37.
Rg6 Ra1+ 38. Kh2 1-0

[Event "*** Titled Tuesday Blitz"]
[Site "Chess.com"]
[Date "2020.05.19"]
[Round "1"]
[White "GelmanAlexander"]
[Black "quesfr"]
[Result "1-0"]
[WhiteElo "2584"]
[BlackElo "2290"]
[TimeControl "180+1"]
[EndTime "12:07:12 PDT"]
[Termination "GelmanAlexander won on time"]

1. c4 e6 2. Nf3 d5 3. d3 Nf6 4.
Nbd2 c5 5. b3 Be7 6. e3 O-O 7.
Bb2 b6 8. a3 Bb7 9. Rg1 Nfd7 10. g4 Bf6 11. d4 cxd4 12. exd4 dxc4 13. bxc4 b5 14. g5 Be7 15. c5 e5 16. Rc1 exd4 17.
Nxd4 Bxc5 18. Bxb5 Qb6 19. Nc4 Qg6 20. Ne3 Ba6 21. a4 Bb4+ 22. Kf1 Bxb5+ 23. axb5 Re8 24. Qf3 Qd3+ 25. Kg2 Qe4 26. Ndf5 Qxf3+ 27. Kxf3 Bf8 28. Rc7 Nb6 29. Rd1 a6 30. Rb7 Na4 31. Ba1 axb5 32. Rg1 Nc6 33. Nh6+ 1-0

[Event "*** Titled Tuesday Blitz"]
[Site "Chess.com"]
[Date "2020.05.19"]
[Round "1"]
[White "harvsp123"]
[Black "AlanZhang"]
[Result "1-0"]
[WhiteElo "2532"]
[BlackElo "2208"]
[TimeControl "180+1"]
[EndTime "12:07:12 PDT"]
[Termination "harvsp123 won by resignation"]

1. e4 e5 2. Nf3 Nc6 3. Bb5 a6 4. Ba4 Nf6 5. d3 b5 6. Bb3 Be7 7. Nc3 O-O 8. O-O d6 9. a3 Nd4 10. Nxd4 exd4 11. Ne2 c5 12. a4 Be6 13. Bg5 Bxb3 14.
cxb3 d5 15. Bxf6 Bxf6 16. Nf4 dxe4 17. dxe4 c4 18. Nd5 d3 19. axb5 axb5 20. Rxa8 Qxa8 21. Nxf6+ gxf6 22. Qg4+ Kh8 23. Qf5 Qc6 24. h4 Rd8 25. Rd1 d2 26. Qf4 Qd6 27. Qf3 cxb3 28. Qxb3 Qc6 29. Qxf7 Qxe4 30. Qxf6+ 1-0

[Event "*** Titled Tuesday Blitz"]
[Site "Chess.com"]
[Date "2020.05.19"]
[Round "1"]
[White "Luibov_AN"]
[Black "ama18"]
[Result "0-1"]
[WhiteElo "2070"]
[BlackElo "2494"]
[TimeControl "180+1"]
[EndTime "12:07:12 PDT"]
[Termination "ama18 won by resignation"]

1. d4 Nf6 2. Nf3 e6 3. c4 a6 4. Nc3 d5 5. e3 dxc4 6. a4 b6 7. Bxc4 Bb7 8. O-O Be7 9. Qe2 c5 10. Rd1 Nbd7 11. d5 exd5 12. Nxd5 Nxd5 13. Bxd5 Bxd5 14.
Rxd5 Qc7 15. e4 O-O 16. g3 Rfd8 17. Bf4 Qc6 18. b3 Nf6 19. Ne5 Qe6 20. Rxd8+ Rxd8 21. f3 Bd6 22. Rd1 Re8 23. Nc4 Bxf4 24. gxf4 b5 25. f5 Qxf5 26. axb5 axb5 27. Nd6 Qg5+ 28. Kh1 Rd8 29.
Rg1 Qf4 30. Nf5 Rd2 31. Rxg7+ Kf8 32. Qg2 Rxg2 33. Kxg2 Qxf5 34. exf5 Kxg7 0-1

[Event "*** Titled Tuesday Blitz"]
[Site "Chess.com"]
[Date "2020.05.19"]
[Round "1"]
[White "catalin009"]
[Black "Jospem"]
[Result "0-1"]
[WhiteElo "2428"]
[BlackElo "2827"]
[TimeControl "180+1"]
[EndTime "12:07:13 PDT"]
[Termination "Jospem won on time"]

1. Nf3 c5 2. g3 Nc6 3. Bg2 g6 4. O-O Bg7 5. c3 e5 6. e4 Nge7 7. d3 O-O 8. Nbd2 h6 9. a3 d6 10. b4 a6 11. Nb3 b6 12. d4 exd4 13.
cxd4 c4 14. Nbd2 b5 15. Bb2 d5 16. e5 Bf5 17. Re1 a5 18. bxa5 Qxa5 19. Nb1 b4 20.
axb4 Qxb4 21. Ba3 Qb7 22. Nc3 Qb3 23. Qxb3 cxb3 24. Nd2 Rxa3 25. Rxa3 Nxd4 26. Rxb3 Nxb3 27. Nxb3 Be6 28. Nd4 Rc8 29. Ncb5 Rb8 30. f4 Bf8 31.
Rc1 Nf5 32. Nxf5 Rxb5 33. Nd6 Rb6 34. Nc8 Ra6 35. Rc7 d4 36. Ne7+ Kh8 37. Nd5 d3 0-1

[Event "*** Titled Tuesday Blitz"]
[Site "Chess.com"]
[Date "2020.05.19"]
[Round "1"]
[White "Rodchenkov_Vitalij"]
[Black "AlexTriapishko"]
[Result "0-1"]
[WhiteElo "2395"]
[BlackElo "2740"]
[TimeControl "180+1"]
[EndTime "12:07:13 PDT"]
[Termination "AlexTriapishko won on time"]

1. d4 Nf6 2. c4 g6 3. g3 Bg7 4. Bg2 O-O 5. Nf3 d6 6. O-O c5 7. dxc5 dxc5 8. Ne5 Nfd7 9. Nd3 Nc6 10. Nc3 Nb6 11. Nxc5 Nxc4 12. Qc2 Qa5 13. Nb3 Qh5 14. Nd5 Nb6 15. Nf4 Qf5 16. Qxf5 Bxf5 17. e4 Bd7 18. Nc5 Nd4 19. Nxd7 Nxd7 20. Rd1 Rfd8 21. Be3 Nc2 22. Rab1 Nxe3 23. fxe3 e6 24. Kf2 Ne5 25. Ke2 h5 26. Nd3 Nd7 27. b3 a5 28. Rbc1 Rac8 29. Bf1 b6 30. Kf2 Nf6 31. Kf3 Ng4 32. h3 Rxc1 33.
Rxc1 Ne5+ 34. Nxe5 Bxe5 35. Rc2 Rd1 36. Bg2 Ra1 37. g4 h4 38. Ke2 Kg7 39. Bf1 Bg3 0-1

[Event "*** Titled Tuesday Blitz"]
[Site "Chess.com"]
[Date "2020.05.19"]
[Round "1"]
[White "FrogMist"]
[Black "Aygehovit1992"]
[Result "1/2-1/2"]
[WhiteElo "2383"]
[BlackElo "2704"]
[TimeControl "180+1"]
[EndTime "12:07:13 PDT"]
[Termination "Game drawn by repetition"]

1. e4 c5 2. Nf3 d6 3. d4 cxd4 4. Nxd4 Nf6 5. Nc3 Nc6 6. Bg5 Bd7 7. Qd2 h6 8. Bxf6 gxf6 9. Be2 Rc8 10. O-O Qb6 11. Nb3 e6 12. Bh5 Rg8 13. Kh1 Ne5 14.
Rae1 Nc4 15. Qf4 Be7 16. Qxh6 Nxb2 17. Nd5 exd5 18. exd5 Kd8 19. Bxf7 Rf8 20. Rxe7 Kxe7 21. Re1+ Kd8 22. Qxf8+ Kc7 23. Qe7 Qxf2 24. Qe2 Qh4 25.
Be6 Rh8 26. h3 Ba4 27. Bf5 Qf4 28. Qe7+ Kb6 29. Re6 Qf1+ 30. Kh2 Qf4+ 31. Kg1 Nc4 32. Bd3 Bxb3 33. axb3 Qd4+ 34. Kh2 Qf4+ 35. Kh1 Qc1+ 36. Re1 Qf4 37. Bxc4 Rxh3+ 38. gxh3 Qf3+ 39. Kg1 Qg3+ 40. Kf1 Qf3+ 41. Kg1 Qg3+ 42. Kh1 Qf3+ 43. Kh2 Qf2+ 44. Kh1 Qf3+ 1/2-1/2

[Event "*** Titled Tuesday Blitz"]
[Site "Chess.com"]
[Date "2020.05.19"]
[Round "1"]
[White "Guenplen"]
[Black "chessablanca"]
[Result "1-0"]
[WhiteElo "2995"]
[BlackElo "2459"]
[TimeControl "180+1"]
[EndTime "12:07:14 PDT"]
[Termination "Guenplen won by checkmate"]

1. d4 Nf6 2. Bf4 e6 3. e3 d5 4. Nd2 Bd6 5. Bg3 Qe7 6. Ngf3 Nbd7 7. Ne5 c5 8. c3 a6 9. Bd3 h6 10. f4 b6 11. O-O Bb7 12. Bh4 g5 13. fxg5 hxg5 14.
Bxg5 Nxe5 15. dxe5 Bxe5 16. h3 Rg8 17. Qa4+ b5 18.
Qh4 d4 19. e4 dxc3 20. Nf3 Rxg5 21. Qxg5 Bc7 22. Ne5 c4 23. Rxf6 Qc5+ 24. Kh1 Bxe5 25. Rxf7 Kxf7 26. Rf1+ Ke8 27. Be2 Bd6 28. Qg7 Be7 29.
Rd1 c2 30. Qh8+ Bf8 31. Bh5+ Ke7 32. Qh7+ Kf6 33. Qg6+ Ke5 34. Qg5+ Kxe4 35. Bf3# 1-0

[Event "*** Titled Tuesday Blitz"]
[Site "Chess.com"]
[Date "2020.05.19"]
[Round "1"]
[White "2007checkmate"]
[Black "djamir"]
[Result "0-1"]
[WhiteElo "2393"]
[BlackElo "2739"]
[TimeControl "180+1"]
[EndTime "12:07:14 PDT"]
[Termination "djamir won by resignation"]

1. Nc3 d5 2. d4 c6 3. Bf4 Bf5 4. f3 e6 5. g4 Bg6 6. h4 h5 7. e3 hxg4 8. h5 Rxh5 9. Rxh5 Bxh5 10. Qe2 gxf3 11. Nxf3 Bd6 12. Qh2 Bxf4 13. Qxf4 Bxf3 14. Qxf3 Qh4+ 15. Kd2 Nf6 16. Bd3 Ke7 17. Rh1 Qg5 18.
Rh8 Ne8 19. Qh3 Nd7 20. Ne2 Rd8 21. Nf4 Nef6 22. Rxd8 Kxd8 23. Qxe6 Ne4+ 24. Bxe4 Qxf4 25. Qxd7+ Kxd7 26. exf4 dxe4 27. f5 Kd6 28. c4 b5 29.
b3 bxc4 30. bxc4 c5 31. Ke3 cxd4+ 32. Kxd4 e3 33. Kxe3 Kc5 34. Kd3 a5 35. Kc3 a4 36.
Kd3 g5 37. Ke4 Kxc4 38. Ke5 a3 39. Kf6 g4 40. Kxf7 g3 41. Ke6 g2 42. f6 g1=Q 43. f7 Qc5 0-1

[Event "*** Titled Tuesday Blitz"]
[Site "Chess.com"]
[Date "2020.05.19"]
[Round "1"]
[White "Caterpiller35"]
[Black "Zubrrr"]
[Result "0-1"]
[WhiteElo "2346"]
[BlackElo "2655"]
[TimeControl "180+1"]
[EndTime "12:07:14 PDT"]
[Termination "Zubrrr won on time"]

1. d4 f5 2. Nc3 Nf6 3. Bg5 d5 4. Bxf6 exf6 5. e3 Be6 6. Qf3 Qd7 7. Bd3 Nc6 8. Nge2 Ne7 9. h3 h5 10. O-O-O O-O-O 11. Rdg1 h4 12. Nf4 Bf7 13. g4 hxg3 14. Rxg3 g5 15. Nfe2 Kb8 16. Rgg1 Rh4 17. Qg3 Ng6 18.
f4 Bh6 19. Kb1 a6 20. Rf1 Be6 21. fxg5 fxg5 22. Nf4 gxf4 23. Qxg6 fxe3 24. Bxf5 Bxf5 25. Rxf5 Rxd4 26. Rf7 Qe8 27. Qf6 Rf4 28. Qxh6 Rxf7 0-1

[Event "*** Titled Tuesday Blitz"]
[Site "Chess.com"]
[Date "2020.05.19"]
[Round "1"]
[White "tomozupan"]
[Black "Machidon"]
[Result "0-1"]
[WhiteElo "2215"]
[BlackElo "2537"]
[TimeControl "180+1"]
[EndTime "12:07:14 PDT"]
[Termination "Machidon won on time"]

1. d4 Nf6 2. Bg5 Ne4 3. Bf4 c5 4. f3 Nf6 5. dxc5 e6 6. e4 Bxc5 7. Nc3 d5 8. exd5 exd5 9. Qd2 O-O 10. O-O-O Be6 11. Kb1 Nc6 12. g4 d4 13. Nce2 Qd5 14.
Nc1 a5 15. Bd3 Nb4 16. g5 Nh5 17. Be4 Qc4 18. b3 Qa6 19. Be5 a4 20. Bxd4 Rfd8 21. Nge2 Nxa2 22. Nxa2 axb3 23. cxb3 Bxb3 24. Nac1 Rxd4 25.
Nxb3 Rxd2 26. Rxd2 Bb4 27. Rc2 Qa3 28. Bd5 Rd8 29. Rd1 Kf8 30. Nbd4 g6 31. Nb5 Qa5 32.
Nc7 Bd6 0-1

[Event "*** Titled Tuesday Blitz"]
[Site "Chess.com"]
[Date "2020.05.19"]
[Round "1"]
[White "IljaJoke"]
[Black "Zmeeed63"]
[Result "1-0"]
[WhiteElo "2518"]
[BlackElo "2187"]
[TimeControl "180+1"]
[EndTime "12:07:14 PDT"]
[Termination "IljaJoke won by checkmate"]

1. d4 Nf6 2. c4 e6 3. g3 d5 4.
Nf3 dxc4 5. Bg2 Nc6 6. O-O Rb8 7. a4 a6 8. Nfd2 Na5 9. e3 Be7 10. Qc2 Nd5 11. Nxc4 Nb4 12. Qc3 Nxc4 13. Qxc4 b5 14. Qe2 Bb7 15. Bxb7 Rxb7 16. axb5 axb5 17. Nc3 Qb8 18.
e4 O-O 19. Rd1 Rd8 20. Bf4 Bd6 21. Be3 c6 22. Kg2 e5 23. dxe5 Bxe5 24. f4 Bd6 25. e5 Bf8 26. Ne4 Nd5 27. Bc5 Bxc5 28. Nxc5 Ra7 29. Rxa7 Qxa7 30. Ne4 Ra8 31. Rd3 Qa4 32. Nd6 Qb4 33. Rd2 Ra1 34. Ne4 Rb1 35. e6 fxe6 36. Ng5 e5 37. fxe5 Qc5 38. e6 Ne3+ 39. Qxe3 Qxe3 40.
Rd8# 1-0

[Event "*** Titled Tuesday Blitz"]
[Site "Chess.com"]
[Date "2020.05.19"]
[Round "1"]
[White "S-Fazulyanov"]
[Black "marszach123"]
[Result "1-0"]
[WhiteElo "2517"]
[BlackElo "2181"]
[TimeControl "180+1"]
[EndTime "12:07:14 PDT"]
[Termination "S-Fazulyanov won on time"]

1. e4 c5 2. Nf3 d6 3. d4 cxd4 4. Nxd4 Nf6 5. Nc3 a6 6. g3 e5 7. Nde2 b5 8. Bg2 Bb7 9. O-O Be7 10. a4 b4 11. Nd5 Nxd5 12. exd5 a5 13. f4 Nd7 14.
Be3 O-O 15. c3 bxc3 16. Nxc3 Ba6 17. Rf2 Rb8 18. Bh3 Bf6 19. Ne4 exf4 20. Bxf4 Bxb2 21. Rb1 Be5 22. Nxd6 Rxb1 23. Qxb1 Bd4 24. Qf5 Qe7 25. Qe4 Qxe4 26. Nxe4 Nc5 27. Nxc5 Bxc5 28. Kg2 Bxf2 29. Kxf2 Rd8 30. d6 Bc4 31. Bg2 Be6 32. Ke3 Bd7 33. Kd4 Bxa4 34. Kc5 Bd7 35. Kb6 a4 36. Kc7 Re8 37.
Kxd7 1-0

[Event "*** Titled Tuesday Blitz"]
[Site "Chess.com"]
[Date "2020.05.19"]
[Round "1"]
[White "kingofthenil"]
[Black "Marcia2911"]
[Result "1-0"]
[WhiteElo "2484"]
[BlackElo "1993"]
[TimeControl "180+1"]
[EndTime "12:07:14 PDT"]
[Termination "kingofthenil won by resignation"]

1. e4 e6 2. d4 d5 3. exd5 exd5 4. Nf3 Bd6 5. c4 c6 6. Nc3 Ne7 7. cxd5 cxd5 8. Bd3 Nbc6 9. O-O f6 10. a3 O-O 11.
Qc2 f5 12. Re1 Qc7 13. Nb5 Qb8 14. Nxd6 Qxd6 15. Qc5 Qxc5 16. dxc5 Bd7 17. b4 a6 18. Bb2 Ng6 19. Nd4 Nce5 20. Bf1 Rae8 21. g3 f4 22.
Rad1 fxg3 23. hxg3 Bg4 24. Be2 Bxe2 25. Rxe2 Nf3+ 26.
Kg2 Nxd4 27. Rxe8 Rxe8 28. Rxd4 Re2 29. Bc1 Rc2 30. Bd2 Ne7 31. Bg5 Kf7 32. Bxe7 Kxe7 33.
Rxd5 Rc3 34. Rd6 Rxa3 35. Rb6 Rb3 36. Rxb7+ Kf6 37. c6 Rc3 38. Rb6 Ke7 39. Rxa6 Kd6 40. b5 Kc7 41. Ra7+ Kb6 42. Rb7+ Ka5 43. c7 Rc5 44. b6 Ka6 45. Rb8 Rc6 46. c8=Q+ Rxc8 47. Rxc8 Kxb6 48. Rg8 1-0

[Event "*** Titled Tuesday Blitz"]
[Site "Chess.com"]
[Date "2020.05.19"]
[Round "1"]
[White "Dare-Dare"]
[Black "Savagelittlemole"]
[Result "1/2-1/2"]
[WhiteElo "2232"]
[BlackElo "2535"]
[TimeControl "180+1"]
[EndTime "12:07:15 PDT"]
[Termination "Game drawn by repetition"]

1. Nf3 Nf6 2. c4 g6 3. Nc3 Bg7 4. e4 O-O 5. d4 d6 6. h3 e5 7. d5 Na6 8. Be3 Nc5 9. Qc2 a5 10. g4 Kh8 11. Be2 c6 12. Bxc5 dxc5 13. O-O-O cxd5 14. Nxd5 Nxd5 15. Rxd5 Qc7 16. Kb1 Be6 17. Rd2 Rab8 18.
Rhd1 Rfd8 19. Ng5 Bh6 20. Nxe6 fxe6 21. Rxd8+ Rxd8 22. h4 Rd4 23. g5 Bf8 24. h5 gxh5 25.
Rh1 Qd8 26. Bxh5 Qxg5 27. Qe2 Rd2 28. Qf3 Qf4 29. Qxf4 exf4 30. f3 Kg7 31. Bg4 e5 32.
Kc1 Rd4 33. b3 Be7 34. Kc2 Bg5 35. Rh5 h6 36. Rh1 Kf6 37. a4 Ke7 38. Bf5 b6 39. Bg4 Kf6 40. Rh5 Kg6 41. Rh1 Rd8 42. Bf5+ Kg7 43. Bg4 Kf6 44. Rh5 Rd6 45. Rh1 Rd4 46.
Bf5 Kg7 47. Bg4 Bf6 48. Bh5 Rd8 49. Rg1+ Bg5 50. Bg4 Kg6 51. Bf5+ Kf6 52. Rh1 Ke7 53. Bg4 Kf6 54. Bh5 Rd4 55. Bg4 Rd8 1/2-1/2

[Event "*** Titled Tuesday Blitz"]
[Site "Chess.com"]
[Date "2020.05.19"]
[Round "1"]
[White "Bastiandash"]
[Black "Alomaterapia"]
[Result "0-1"]
[WhiteElo "2175"]
[BlackElo "2517"]
[TimeControl "180+1"]
[EndTime "12:07:15 PDT"]
[Termination "Alomaterapia won by resignation"]

1. d4 Nf6 2. Nf3 g6 3. c3 Bg7 4.
Bg5 O-O 5. e3 d6 6. Be2 Nc6 7.
O-O e5 8. dxe5 dxe5 9. Nbd2 h6 10. Bh4 Qe7 11. Qc2 Bf5 12. e4 Be6 13. Nc4 g5 14. Bg3 Nd7 15. Ne3 h5 16. Nd5 Bxd5 17. exd5 Nd8 18. h4 g4 19. Ng5 f5 20. Rfe1 Qf6 21.
Bc4 Kh8 22. Ne6 Nxe6 23. dxe6 f4 24. exd7 fxg3 25. fxg3 Rad8 26. Rad1 Qe7 27. Qg6 Qc5+ 28. Kh2 Qxc4 29. Qxh5+ Kg8 30. Qg5 Qe6 31. h5 Kh7 32.
Re4 Qf5 33. Rxg4 Qxg5 34. Rxg5 Rf7 35. g4 Rfxd7 36. Rxd7 Rxd7 37. Rf5 e4 38. g5 e3 39.
Rf1 e2 40. Re1 Rd2 41. g4 Rxb2 42. Kg3 Bxc3 43. Kf2 0-1

[Event "*** Titled Tuesday Blitz"]
[Site "Chess.com"]
[Date "2020.05.19"]
[Round "1"]
[White "2nd_life"]
[Black "kuli4ik"]
[Result "0-1"]
[WhiteElo "2408"]
[BlackElo "2782"]
[TimeControl "180+1"]
[EndTime "12:07:16 PDT"]
[Termination "kuli4ik won on time"]

1. e4 Nf6 2. e5 Nd5 3. d4 d6 4. Nf3 Nb6 5. exd6 cxd6 6. a4 g6 7. a5 N6d7 8. Bc4 Bg7 9. O-O O-O 10. Re1 a6 11. Nc3 Nc6 12. Bg5 Nf6 13. Nd5 Nxd5 14. Bxd5 Re8 15. Qd2 Bg4 16. c3 Qd7 17. h3 Bxf3 18.
Bxf3 d5 19. b4 Rac8 20. Re3 e6 21. h4 Qd6 22. g3 Ne7 23. Bf4 Qd7 24. Bg4 h5 25.
Bh3 Nf5 26. Bxf5 exf5 27. Rxe8+ Rxe8 28. Re1 Re4 29. f3 Re6 30. Rxe6 fxe6 31. Be5 Bxe5 32. dxe5 Qc7 33. Qd4 Kf7 34. Kf2 Ke7 35. Ke3 Kd7 36.
Kf4 Ke7 37. Kg5 Kf7 38. g4 Qe7+ 39. Kf4 hxg4 40. Qf2 gxf3 41. Kxf3 g5 42. hxg5 Qxg5 43. Qb6 Qg4+ 44. Kf2 Qf4+ 45. Kg2 Qe4+ 46. Kf2 Qc2+ 47. Kf1 Qd3+ 48. Kf2 Qb5 49. Qc7+ Ke8 50. Qd6 Qc6 51. Qb8+ Kd7 52. Kf1 Qc7 53. Qa8 Kc6 54. Qa7 Kb5 55. Ke2 Ka4 0-1

[Event "*** Titled Tuesday Blitz"]
[Site "Chess.com"]
[Date "2020.05.19"]
[Round "1"]
[White "Igrok3069"]
[Black "hellokostya"]
[Result "1-0"]
[WhiteElo "2759"]
[BlackElo "2402"]
[TimeControl "180+1"]
[EndTime "12:07:16 PDT"]
[Termination "Igrok3069 won by resignation"]

1. d4 Nf6 2. Nf3 g6 3. Bf4 Bg7 4. e3 O-O 5. Be2 d6 6. O-O b6 7. c4 Bb7 8. Nc3 Ne4 9. Nxe4 Bxe4 10. Ng5 Bb7 11. Bf3 Qc8 12. Rc1 Nd7 13. h4 h6 14.
Nh3 e5 15. dxe5 Bxf3 16. Qxf3 dxe5 17. Bh2 Nc5 18. Rcd1 Qe6 19. b3 a5 20. Qd5 Rfe8 21. f3 Qe7 22. h5 gxh5 23. Nf2 Rad8 24. Qc6 Qg5 25. e4 Ne6 26. Rd5 Nd4 27. f4 Qh4 28. Rxd4 exd4 29. e5 d3 30. Nxd3 Re6 31. Qf3 Rg6 32.
f5 Qd4+ 33. Nf2 Rg4 34. f6 Bf8 35. e6 Bc5 36. e7 Re8 37. Qc6 Rxg2+ 38. Qxg2+ 1-0

[Event "*** Titled Tuesday Blitz"]
[Site "Chess.com"]
[Date "2020.05.19"]
[Round "1"]
[White "StegariuVlad"]
[Black "diablanni"]
[Result "0-1"]
[WhiteElo "2582"]
[BlackElo "2317"]
[TimeControl "180+1"]
[EndTime "12:07:16 PDT"]
[Termination "diablanni won by resignation"]

1. e4 c5 2. Nf3 Nc6 3. g3 d5 4. exd5 Qxd5 5. Bg2 Bg4 6. Nc3 Qh5 7. h3 Bd7 8. g4 Qg6 9. d3 e5 10. Be3 h5 11.
Nh4 Qf6 12. g5 Qe6 13. g6 f6 14. Bd5 Qd6 15. Bf7+ Kd8 16. Ne4 Qc7 17. c3 b6 18. Qb3 Nge7 19. O-O-O Nf5 20. Nxf5 Bxf5 21. Ng3 Bd7 22. Kb1 Bd6 23. Ne4 Be7 24. d4 cxd4 25.
cxd4 exd4 26. Bxd4 Kc8 27. Rc1 Kb7 28. Bc5 Qe5 29.
Ka1 Qxe4 30. Bd5 Qe5 31. Rhe1 Qxe1 32. Rxe1 Bxc5 33. Bxc6+ Bxc6 34. Qf7+ Ka6 35. Qxg7 Rhe8 36. Rc1 Rac8 37. Qxf6 Re2 38. f4 Be4 39. g7 Bd4 40.
Rb1 Bxf6 0-1

[Event "*** Titled Tuesday Blitz"]
[Site "Chess.com"]
[Date "2020.05.19"]
[Round "1"]
[White "CaspiIsrael"]
[Black "fabianvivasz"]
[Result "1-0"]
[WhiteElo "2604"]
[BlackElo "2307"]
[TimeControl "180+1"]
[EndTime "12:07:17 PDT"]
[Termination "CaspiIsrael won by checkmate"]

1. e4 e5 2. Nf3 Nc6 3. d4 exd4 4.
Nxd4 Nf6 5. Nc3 Bb4 6. Nxc6 bxc6 7. Bd3 d5 8. exd5 O-O 9. O-O Bg4 10. f3 Bh5 11. g4 Bg6 12. Bxg6 hxg6 13. dxc6 Qe8 14. Nd5 Rd8 15. c4 Qxc6 16. Nxf6+ gxf6 17. Qc2 Rd4 18. b3 Rfd8 19. Be3 Rd2 20. Bxd2 Rxd2 21. Qe4 Bc5+ 22. Kh1 Qd6 23. f4 f5 24. gxf5 gxf5 25.
Qf3 Qh6 26. Qg3+ Kf8 27. Rf3 Qd6 28. Raf1 Bd4 29. Qh3 Rxa2 30. Qxf5 Bg7 31. Qc8+ Ke7 32. Re1+ Kf6 33. Qg4 Bh6 34. Qh4+ Kg7 35. Rg1+ Kh7 36. Qg4 Qf6 37. Qg8# 1-0

[Event "*** Titled Tuesday Blitz"]
[Site "Chess.com"]
[Date "2020.05.19"]
[Round "1"]
[White "Sergey85Rodchenkov"]
[Black "davekoenig"]
[Result "1-0"]
[WhiteElo "2512"]
[BlackElo "2164"]
[TimeControl "180+1"]
[EndTime "12:07:18 PDT"]
[Termination "Sergey85Rodchenkov won by resignation"]

1. e4 e5 2. Nf3 Nc6 3. Bc4 Nf6 4.
d3 Bc5 5. O-O O-O 6. Re1 Re8 7.
Nbd2 Bb6 8. c3 h6 9. b4 a6 10.
a4 d5 11. exd5 Nxd5 12. Qb3 Be6 13. a5 Ba7 14. Ne4 Qd7 15. Bd2 Rad8 16. Rad1 Bg4 17. Ng3 Bxf3 18. gxf3 f6 19. d4 Kh8 20. Bc1 Nf4 21.
Bxf4 exf4 22. Ne4 Qh3 23. Nd2 Ne7 24. Be6 Qh4 25. Re4 Nc8 26. Bxc8 Rxc8 27. Rde1 Rxe4 28.
Rxe4 Qg5+ 29. Kf1 Rd8 30. Qf7 Bb8 31. Re8+ Rxe8 32. Qxe8+ Kh7 33. Qxb8 Qf5 34. Qe8 Qh3+ 35. Kg1 Qh4 36. Qe4+ Kh8 37. Qg6 Qh3 38. Qg4 Qxg4+ 39. fxg4 g6 40. f3 Kg7 41. Kf2 Kf7 42. Ke2 Ke6 43.
Kd3 c6 44. Ne4 f5 45. Nc5+ Ke7 46. Nxb7 fxg4 47. fxg4 g5 48. Ke4 Kd7 49. Nc5+ Kd6 50. Nxa6 Kd7 51. Nc5+ 1-0

[Event "*** Titled Tuesday Blitz"]
[Site "Chess.com"]
[Date "2020.05.19"]
[Round "1"]
[White "XiaoKangZhong"]
[Black "BillieKimbah"]
[Result "0-1"]
[WhiteElo "2441"]
[BlackElo "2862"]
[TimeControl "180+1"]
[EndTime "12:07:19 PDT"]
[Termination "BillieKimbah won by resignation"]

1. e4 c6 2. d4 d5 3. e5 Bf5 4. h4 h6 5. Nf3 e6 6. Bd3 Bxd3 7. Qxd3 c5 8. O-O Nc6 9. c3 Rc8 10. Be3 Nge7 11. g3 Nf5 12. dxc5 a5 13.
Bd4 g5 14. hxg5 hxg5 15. Nbd2 g4 16. Nh2 Qg5 17. Rfd1 Bg7 18. Re1 Rxh2 19. Kxh2 Qh6+ 20. Kg2 Qh3+ 21. Kg1 Kd7 22. Qf1 Qh6 23. Rad1 Rh8 24. Qg2 Nfxd4 25. cxd4 Nxd4 26. Re3 Kc7 27. a3 a4 28. Rc1 Nc6 29. Rce1 Bxe5 30. Nf1 Bxb2 31. Nh2 Qh5 32. Rb1 Bd4 33. Rd3 Ne5 34. Rxd4 Nf3+ 35. Nxf3 gxf3 36. Rh4 Qxh4 37. gxh4 fxg2 38. Kxg2 Rxh4 39. Kg3 Rc4 40. Rh1 Rc3+ 41. Kg2 Rxa3 42. Rh7 Kc6 43. Rxf7 Rb3 44. Re7 a3 45. Rxe6+ Kxc5 46. f4 a2 47. Re1 Rb1 48. Re2 a1=Q 49. Rc2+ 0-1

[Event "*** Titled Tuesday Blitz"]
[Site "Chess.com"]
[Date "2020.05.19"]
[Round "1"]
[White "Kolle05"]
[Black "OK97"]
[Result "0-1"]
[WhiteElo "2400"]
[BlackElo "2754"]
[TimeControl "180+1"]
[EndTime "12:07:19 PDT"]
[Termination "OK97 won by resignation"]

1. e4 e5 2. Nf3 Nc6 3. Bb5 a6 4. Ba4 b5 5. Bb3 Na5 6. O-O d6 7. d4 exd4 8. Nxd4 Bb7 9. c3 c5 10. Nf5 g6 11. Ne3 Nxb3 12. axb3 Nf6 13. Nd5 Bg7 14.
Bg5 O-O 15. Bxf6 Bxf6 16. Nd2 Re8 17. Re1 Bg7 18. Nf3 Re6 19. Qd3 Rc8 20. Nf4 Re8 21. Rad1 Qe7 22. Qxd6 Qxd6 23. Rxd6 Bxe4 24. Rxa6 b4 25. cxb4 cxb4 26. Rb6 Bxb2 27. Rxb4 Ba8 28. Rxe8+ Rxe8 29. h3 h6 30. Nd3 Bc3 31. Rc4 Bf6 32. b4 Rd8 33. Nc5 Rd1+ 34. Kh2 Bd5 35. Rc2 Be7 36.
b5 Bd6+ 37. g3 Bxf3 0-1

[Event "*** Titled Tuesday Blitz"]
[Site "Chess.com"]
[Date "2020.05.19"]
[Round "1"]
[White "anon569"]
[Black "jtayar88"]
[Result "0-1"]
[WhiteElo "2260"]
[BlackElo "2561"]
[TimeControl "180+1"]
[EndTime "12:07:19 PDT"]
[Termination "jtayar88 won on time"]

1. e4 c5 2. Nf3 d6 3. d4 Nf6 4.
Nc3 cxd4 5. Nxd4 a6 6. Bg5 e6 7. f4 Be7 8. Qf3 Qc7 9. O-O-O Nbd7 10. g4 h6 11. Bh4 g5 12. e5 dxe5 13. fxg5 hxg5 14. Bg3 Qa5 15. Nb3 Qb4 16. Be2 e4 17. Qe3 Nc5 18. Be5 Nxb3+ 19. cxb3 Rg8 20. Rhf1 Rg6 21.
Kb1 Bd7 22. Bg3 Bc6 23. Rd4 Bc5 24. Rxb4 Bxe3 25. a4 Nd5 26. Rc4 Nxc3+ 27. bxc3 Bd5 28. Rb4 b6 29. c4 a5 30. Rb5 Bc6 31. Re5 Bd4 0-1

[Event "*** Titled Tuesday Blitz"]
[Site "Chess.com"]
[Date "2020.05.19"]
[Round "1"]
[White "CzechmVIII"]
[Black "MPGM"]
[Result "1-0"]
[WhiteElo "2213"]
[BlackElo "2505"]
[TimeControl "180+1"]
[EndTime "12:07:20 PDT"]
[Termination "CzechmVIII won on time"]

1. e4 c6 2. d4 d5 3. e5 Bf5 4.
Nc3 e6 5. g4 Bg6 6. Nge2 f6 7.
h4 Nd7 8. h5 Bf7 9. f4 Nh6 10.
exf6 gxf6 11. Ng3 Bd6 12. Qf3 Rg8 13. Bh3 Qc7 14. Bd2 O-O-O 15. O-O-O Kb8 16. Rhg1 Rgf8 17. f5 Ng8 18. g5 fxg5 19. Bxg5 Rde8 20. f6 Ngxf6 21.
Bxf6 Bg8 22. Nge2 Rxf6 23. Qd3 Bf7 24. Qxh7 b5 25. h6 Rf2 26. Qd3 Nf6 27. Rdf1 Rxf1+ 28.
Rxf1 Be7 29. Nd1 Qh2 30. Rg1 Rh8 31. Rg7 Be8 32. Rxe7 Rxh6 33. Rxe6 Qxh3 34. Qxh3 Rxh3 35. Rxf6 Bh5 36. Rf8+ Kb7 37. Rh8 1-0

[Event "*** Titled Tuesday Blitz"]
[Site "Chess.com"]
[Date "2020.05.19"]
[Round "1"]
[White "DonPreuss"]
[Black "Malev212"]
[Result "1-0"]
[WhiteElo "2198"]
[BlackElo "2495"]
[TimeControl "180+1"]
[EndTime "12:07:20 PDT"]
[Termination "DonPreuss won on time"]

1. d4 e6 2. e4 d5 3. Nc3 Bb4 4.
exd5 exd5 5. Bd3 Nc6 6. Ne2 Nf6 7. O-O h6 8. Bf4 O-O 9. Qd2 Re8 10. Rad1 Ne4 11.
Bxe4 dxe4 12. Qe3 Bf5 13. Ng3 Bg6 14. d5 Ne5 15. Ncxe4 Ng4 16. Qd4 Bf8 17. h3 Nf6 18. Nxf6+ gxf6 19. c4 f5 20. Be5 Qe7 21. Bf6 Qd6 22.
Rfe1 f4 23. Nf1 c5 24. Qc3 b6 25. Nh2 h5 26. Nf3 Be4 27. Be5 Qg6 28. Bxf4 Bg7 29.
Qb3 f5 30. h4 Qg4 31. Bg3 f4 32. Nh2 Qf5 33. Qa3 1-0